 Dungeon Crawl Stone Soup version 0.21-a0-221-gfe971b9 (webtiles) character file.

963950 Ijustatesigmund the Gargoyle Aeon (level 27, -21/187 HPs)
             Began as a Gargoyle Fighter on Aug 24, 2017.
             Was the Champion of Cheibriados.
             Killed from afar by Antaeus (39 damage)
             ... with a flash freeze
             ... on level 7 of Cocytus on Aug 25, 2017.
             The game lasted 06:24:43 (66061 turns).

Ijustatesigmund the Gargoyle Aeon (GrFi)           Turns: 66061, Time: 06:24:44

Health: -21/187    AC: 49    Str: 45    XL:     27
Magic:  36/40      EV: 30    Int: 23    God:    Cheibriados [******]
Gold:   10535      SH: 23    Dex: 36    Spells: 16/53 levels left

rFire    x . .     SeeInvis .   Y - +9 demon whip (protect)
rCold    + + +     Gourm    .   c - +5 shield {rC+}
rNeg     + + +     Faith    .   o - +5 scale mail of Theory {rN+ Regen+ Str+2 Slay+3}
rPois    ∞         Spirit   .   W - +2 hat "Cerghe" {rElec rPois Regen+ Dex-2}
rElec    +         Reflect  .   Z - +2 cloak {+Inv}
rCorr    .         Harm     .   K - +3 pair of gauntlets of War {Slay+5}
MR       +++..                  i - +1 pair of boots "Enavi Wou" {rN+ Str+3 Dex+3 Stlth+}
Stlth    ++++++....             m - amulet of Vitality {Regen+ HP+15}
HPRegen  1.61/turn              l - ring of Qufui {rC+ Str+4 Int-4 Dex+2 Stlth+}
MPRegen  0.27/turn              G - ring of Baolull {Ice Slay+5}

@: about to teleport, singing, flying, very slightly contaminated, very slow
A: big wings, iridescent scales 1, deformed body, frail 1, magic resistance 1,
mutation resistance 1, negative energy resistance 1, electricity resistance,
wild magic 1, unbreathing, petrification resistance, rot immunity, MP-powered
wands, sturdy frame 1, AC +20
}: 5/15 runes: barnacled, slimy, silver, golden, gossamer
a: Stop Flying, Bend Time, Temporal Distortion, Slouch, Step From Time, Renounce
Religion, Evoke Invisibility


You were on level 7 of Cocytus.
You worshipped Cheibriados.
Cheibriados was exalted by your worship.
You were very full.

You visited 15 branches of the dungeon, and saw 69 of its levels.
You visited the Abyss 1 time.
You visited 1 ziggurat, and saw 19 of its levels.
You also visited: Trove, Sewer and Ice Cave.

You collected 12300 gold pieces.
You spent 1765 gold pieces at shops.

Inventory:

Hand Weapons
 R - the +8 morningstar of Feuw {crush, MR+ Dex+3 SInv}
   (You took it off a deep elf sorcerer on level 3 of the Elven Halls)

   It inflicts extra damage upon your enemies.
   It affects your dexterity (+3).
   It affects your resistance to hostile enchantments.
   It lets you see invisible.
 Y - a +9 demon whip of protection (weapon)
Missiles
 A - 16 steel javelins (quivered)
Armour
 c - a +5 shield of cold resistance (worn)
 i - the +1 pair of boots "Enavi Wou" (worn) {rN+ Str+3 Dex+3 Stlth+}
   (You found it on level 16 of a ziggurat)

   It affects your strength (+3).
   It affects your dexterity (+3).
   It protects you from negative energy.
   It makes you more stealthy.
 o - the +5 scale mail of Theory (worn) {rN+ Regen+ Str+2 Slay+3}
   (You found it on level 5 of the Vaults)

   It affects your strength (+2).
   It affects your accuracy and damage with ranged weapons and melee attacks
   (+3).
   It protects you from negative energy.
   It increases your rate of regeneration.
 K - the +3 pair of gauntlets of War (worn) {Slay+5}
   (You found it on level 11 of a ziggurat)

   It affects your accuracy and damage with ranged weapons and melee attacks
   (+5).
 W - the +2 hat "Cerghe" (worn) {rElec rPois Regen+ Dex-2}
   (You found it on level 10 of the Dungeon)

   It affects your dexterity (-2).
   It insulates you from electricity.
   It protects you from poison.
   It increases your rate of regeneration.
 Z - a +2 cloak of invisibility (worn)
Jewellery
 l - the ring of Qufui (left hand) {rC+ Str+4 Int-4 Dex+2 Stlth+}
   (You found it on level 18 of a ziggurat)

   [ring of stealth]

   It affects your strength (+4).
   It affects your intelligence (-4).
   It affects your dexterity (+2).
   It protects you from cold.
   It makes you more stealthy.
 m - the amulet of Vitality (around neck) {Regen+ HP+15}
   (You found it on level 5 of the Depths)

   [amulet of regeneration]

   It affects your health (+15).
   It increases your rate of regeneration.
 s - the ring "Ygogisi" {rN+ Dex+7}
   (You found it on level 17 of a ziggurat)

   [ring of positive energy]

   It affects your dexterity (+7).
   It protects you from negative energy.
 x - the ring "Huum" {rCorr Slay+5}
   (You found it on level 18 of a ziggurat)

   [ring of resist corrosion]

   It affects your accuracy and damage with ranged weapons and melee attacks
   (+5).
 B - the ring of Meokhl Qenu {+Fly rPois rF+ Str+3 SInv}
   (You found it on level 3 of the Tomb of the Ancients)

   [ring of flight]

   It affects your strength (+3).
   It protects you from fire.
   It protects you from poison.
   It lets you see invisible.
   It lets you fly.
 C - the ring "Keested" {+Blink rF++ rC- rN+++ Slay-3}
   (You found it on level 2 of the Realm of Zot)

   [ring of slaying]

   It affects your accuracy and damage with ranged weapons and melee attacks
   (-3).
   It greatly protects you from fire.
   It makes you vulnerable to cold.
   It renders you almost immune to negative energy.
   It lets you blink.
 G - the ring of Baolull (right hand) {Ice Slay+5}
   (You found it on level 3 of the Tomb of the Ancients)

   [ring of ice]

   It enhances your ice magic.
   It affects your accuracy and damage with ranged weapons and melee attacks
   (+5).
   It makes you vulnerable to fire.
   It protects you from cold.
 L - the ring of Phasing {EV+8}
   (You took it off a vault warden on level 5 of the Vaults)

   [ring of evasion]

   It affects your evasion (+8).
 P - the ring "Ecu Wung" {rF+ Dex+5 Stlth+}
   (You found it on level 9 of a ziggurat)

   [ring of stealth]

   It affects your dexterity (+5).
   It protects you from fire.
   It makes you more stealthy.
 T - the ring of Riffel Xaha {*Slow rPois MR+++ Str+2 Dex+2}
   (You took it off a deep elf archer on level 3 of the Elven Halls)

   [ring of poison resistance]

   It affects your strength (+2).
   It affects your dexterity (+2).
   It protects you from poison.
   It affects your resistance to hostile enchantments.
   It may slow you when you take damage.
Wands
 N - a wand of acid (9/15)
 O - a wand of clouds (1/9)
Scrolls
 g - 2 scrolls of recharging
 j - 7 scrolls of fear
 n - 4 scrolls of brand weapon
 r - 2 scrolls of silence
 t - a scroll of holy word
 u - 31 scrolls of remove curse
 y - 3 scrolls of immolation
 z - 3 scrolls of fog
 D - 7 scrolls of identify
 E - 11 scrolls of teleportation
 H - 7 scrolls of enchant armour
 I - 13 scrolls of amnesia
 J - 7 scrolls of magic mapping
 S - 3 scrolls of torment
Potions
 a - 9 potions of mutation
 b - 2 potions of cancellation
 d - a potion of invisibility
 e - a potion of heal wounds
 k - 13 potions of brilliance
 p - a potion of agility
 q - 23 potions of curing
 w - 2 potions of might
 X - 2 potions of magic
Miscellaneous
 F - 10 phantom mirrors
 M - the horn of Geryon
Comestibles
 f - 42 bread rations
 h - 20 meat rations


   Skills:
 - Level 24.6 Fighting
 - Level 19.3 Maces & Flails
 + Level 22.4 Throwing
 - Level 19.1 Armour
 - Level 15.0 Dodging
 - Level 9.6 Stealth
 - Level 13.6 Shields
 + Level 13.7 Spellcasting
 - Level 16.3 Charms
 - Level 6.3 Summonings
 - Level 10.2 Necromancy
 - Level 8.5 Translocations
 - Level 13.1 Air Magic
 O Level 27 Invocations
 - Level 15.0 Evocations


You had 16 spell levels left.
You knew the following spells:

 Your Spells              Type           Power        Failure   Level  Hunger
a - Magic Dart            Conj           ###.         9%          1    None
b - Blink                 Tloc           N/A          1%          2    None
c - Control Undead        Necr           ######....   1%          4    None
d - Regeneration          Chrm/Necr      #######...   1%          3    None
e - Animate Skeleton      Necr           N/A          1%          1    None
f - Apportation           Tloc           ######       1%          1    None
g - Lesser Beckoning      Tloc           ######....   1%          3    None
h - Summon Butterflies    Summ           ######..     1%          1    None
i - Portal Projectile     Hex/Tloc       #####.       5%          3    None
j - Song of Slaying       Chrm           #######.     1%          2    None
k - Summon Forest         Summ/Tloc      ######....   11%         5    ###....
l - Passwall              Tmut/Erth      ###.......   13%         2    None
m - Deflect Missiles      Chrm/Air       #######...   3%          6    #####..
n - Mephitic Cloud        Conj/Pois/Air  #####...     4%          3    None


Dungeon Overview and Level Annotations

Branches:
Dungeon (15/15)            Temple (1/1) D:6            Lair (6/6) D:10
 Shoals (4/4) Lair:2       Spider (4/4) Lair:2        Slime (5/5) Lair:6
    Orc (2/2) D:11            Elf (3/3) Orc:2        Vaults (5/5) D:14
  Crypt (3/3) Vaults:2       Tomb (3/3) Crypt:3      Depths (5/5) D:15
   Hell (1/1)                 Dis (0/7) Hell            Geh (0/7) Hell
    Coc (7/7) Hell            Tar (0/7) Hell            Zot (5/5) Depths:5

Altars:
Ashenzari
Cheibriados
Dithmenos
Elyvilon
Fedhas
Gozag
Hepliaklqana
Kikubaaqudgha
Makhleb
Nemelex Xobeh
Okawaru
Qazlal
Ru
Sif Muna
Trog
Uskayaw
Vehumet
Wu Jian
Xom
Yredelemnul
Zin
The Shining One
Beogh
Jiyva
Lugonu

Shops:
D:5 =   D:10 (   D:11 [   D:14 %   Orc:2 (%:?   Elf:2 (   Elf:3 !!=
Shoals:1 [   Vaults:4 }   Depths:3 }=}[

Portals:
Hell: Depths:1 Depths:2 Depths:3 Depths:4 Depths:5
Abyss: Depths:3 Depths:4
Pandemonium: Depths:3
Ziggurat: Depths:5

Annotations:
D:4 exclusion: statue
D:8 1 runed door
D:9 Prince Ribbit
Tomb:2 Khufu
Depths:5 1 runed door
Coc:7 Antaeus


Innate Abilities, Weirdness & Mutations

You are resistant to torment.
Your stone body is resilient. (AC +20)
You are immune to poison.
Your large and strong wings let you fly indefinitely.
You resist negative energy. (rN+)
You are resistant to electric shocks. (rElec)
You can survive without breathing.
You are immune to petrification.
You are immune to rotting.
You are partially covered in iridescent scales. (AC +2)
Armour fits poorly on your strangely shaped body.
You are frail. (-10% HP)
You are resistant to hostile enchantments. (MR+)
You are somewhat resistant to further mutation.
Your spells are a little harder to cast, but a little more powerful.
You expend magic power (3 MP) to strengthen your wands.
Your movements are slightly less encumbered by armour. (ER -2)


Message History

* * * LOW HITPOINT WARNING * * *
Something freezes you. You resist.
* * * LOW HITPOINT WARNING * * *
Something burns you.
* * * LOW HITPOINT WARNING * * *
Blink to where?
Press: ? - help, Dir - move target cursor
As you read the scroll of blinking, it crumbles to dust.
Casting: Song of Slaying
Confirm with . or Enter, or press ? or * to list all spells.
Your skin stops crawling.
Your butterfly is engulfed in freezing vapours.
You kill your butterfly!
As you read the scroll of teleportation, it crumbles to dust.
You feel strangely unstable.
Something completely misses your butterfly.
Something hits your butterfly but does no damage.
A flash freeze appears from out of thin air!
The flash freeze hits you! You partially resist.
You die...

≈≈≈≈≈≈≈≈≈≈≈≈.....≈≈≈≈≈≈≈...≈≈≈≈≈≈
≈≈≈≈≈≈≈≈≈≈≈≈......≈≈≈≈≈...≈≈≈≈≈≈≈
≈≈≈≈≈≈≈≈≈≈≈≈≈......≈≈≈...≈≈≈≈≈≈≈≈
....≈≈≈≈≈≈≈≈≈......≈≈≈...≈≈≈≈≈≈≈≈
......≈≈≈≈≈≈≈≈.....≈≈≈...≈≈≈≈≈≈≈≈
.........≈≈≈b≈≈....≈≈≈...≈≈≈≈≈≈≈≈
.........≈≈≈≈≈≈≈...≈≈≈≈..≈≈≈≈≈≈≈.
,..........≈≈≈≈≈≈≈≈≈≈≈≈..≈≈≈≈≈≈≈.
,............b≈b@≈≈≈≈≈≈≈.†≈≈≈≈≈..
,............≈≈≈b≈≈≈≈≈≈≈≈≈≈≈≈≈†..
**#............≈≈≈≈b≈≈≈≈≈≈≈≈≈...#
* *#....§§§§b.b≈≈≈≈≈...≈≈≈≈≈....#
##**#..§§§§§....≈≈≈≈...≈≈≈≈....##
..#*###§§§§§....≈≈≈≈≈.≈≈≈≈≈...##
,..## #§§§§§......≈≈≈≈≈≈≈≈4..##
*#..###.#§§§§.....≈≈≈≈≈≈≈≈..## *
#§.##..#§§§§......≈≈≈≈≈≈...# **


There were no monsters in sight!

Vanquished Creatures
  the Royal Jelly (Slime:5)
  Mara (Tomb:1)
  2 orbs of fire (Zot:4)
  4 juggernauts
  Mennas (Vaults:5)
  2 ancient liches
  20 greater mummies
  Sojobo (Depths:4)
  12 shard shrikes
  2 Killer Klowns
  4 curse toes
  3 caustic shrikes
  Xtahua (Crypt:2)
  Margery (Crypt:3)
  15 golden dragons
  Geryon (Hell)
  2 profane servitors
  Jory (Vaults:4)
  4 bone dragons
  11 pandemonium lords
  6 Tzitzimimeh
  An electric golem (Zot:2)
  15 Ice Fiends
  6 hellephants
  An iron giant (Zig:5)
  14 tentacled monstrosities
  A Hell Sentinel (Zig:7)
  2 Orb Guardians (Zot:4)
  6 quicksilver dragons
  11 liches
  6 titans
  A quicksilver dragon (shapeshifter) (Zig:18)
  Murray (Hell)
  3 deep elf blademasters
  32 acid blobs
  3 krakens
  8 ancient champions
  A deep elf master archer (Elf:3)
  An eldritch tentacle (Vaults:2)
  17 storm dragons
  11 sphinxes
  10 death cobs
  2 thorn hunters
  Polyphemus (Shoals:4)
  11 draconian monks
  13 shadow dragons
  8 tengu reavers
  17 azure jellies
  15 vault wardens
  An azure jelly (shapeshifter) (Zig:18)
  4 nagarajas (Zig:13)
  18 frost giants
  5 emperor scorpions
  15 fire giants
  A ghost moth (shapeshifter) (Zig:18)
  7 draconian knights
  13 ghost moths
  12 revenants
  Ilsuiw (Shoals:4)
  An iron dragon (Depths:5)
  An orc warlord (Vaults:5)
  2 caustic shrike zombies
  A cacodemon (Zig:8)
  11 draconian stormcallers
  4 balrugs
  A spectral caustic shrike (Zig:15)
  4 deep elf sorcerers (Elf:3)
  10 draconian shifters
  8 draconian annihilators
  4 ghouls
  3 curse skulls
  9 draconian scorchers
  2 black suns (Zig:15)
  15 ironheart preservers
  6 deep elf elementalists
  Aizul (Depths:2)
  Louise (Spider:1)
  The ghost of George the Champion of Chaos, a journeyman DsFi of Makhleb (Lair:6)
  5 war gargoyles
  A caustic shrike skeleton (Crypt:1)
  9 reapers
  4 bennus
  3 elemental wellsprings
  11 entropy weavers
  16 green draconians
  18 very ugly things
  26 stone giants
  9 vampire knights
  2 entropy weavers (shapeshifter) (Zig:18)
  16 black draconians
  10 deep elf demonologists
  21 purple draconians
  10 spark wasps
  19 red draconians
  22 white draconians
  2 dire elephants (Zig:17)
  8 deep elf annihilators
  A spectral titan (Zig:15)
  20 yellow draconians
  10 deep elf death magi
  7 merfolk javelineers (Shoals:4)
  23 blizzard demons
  4 eidola
  14 fire dragons
  A crystal guardian (Vaults:3)
  A kraken zombie (Hell)
  14 merfolk impalers
  3 green deaths
  8 death oozes
  23 jiangshi
  24 ettins
  A spectral golden dragon (Crypt:3)
  4 deep elf high priests
  20 great orbs of eyes
  30 mummy priests
  23 yaktaur captains
  10 rakshasas
  Josephine (D:10)
  2 great orbs of eyes (shapeshifter)
  31 ice dragons
  3 quicksilver dragon skeletons
  21 hydras
  A hell beast (Zig:8)
  2 naga warriors (Zig:13)
  4 spriggan air magi
  32 vault guards
  Fannar (Orc:1)
  A quicksilver dragon zombie (Hell)
  2 anacondas (Zig:13)
  3 catoblepae
  A two-headed ogre (shapeshifter) (Vaults:2)
  2 alligators (Zig:12)
  7 centaur warriors
  3 alligator snapping turtles
  2 ghost crabs (Zig:12)
  12 ogre magi
  86 death scarabs
  3 merfolk aquamancers
  23 dancing weapons
  A queen ant (Lair:6)
  10 death knights
  2 satyrs (Shoals:4)
  50 two-headed ogres
  13 death yaks
  6 merfolk avatars
  16 deep troll earth magi
  4 tengu warriors
  An anaconda (shapeshifter) (Vaults:5)
  5 vampire magi
  6 titan zombies
  12 deep troll shamans
  15 hell hogs
  6 sun demons
  7 spriggan berserkers
  5 shock serpents (Zig:13)
  2 storm dragon zombies
  2 thrashing horrors (Abyss:2)
  3 naga sharpshooters (Zig:13)
  11 hell knights
  26 deep elf knights
  An iron golem (Zig:7)
  3 titan skeletons
  11 soul eaters
  9 iron trolls
  2 fire crabs (Zig:4)
  61 skeletal warriors
  6 shadow wraiths
  A wretched star (Abyss:2)
  An entropy weaver zombie (Vaults:2)
  11 flayed ghosts
  6 unseen horrors
  4 storm dragon skeletons
  A ghost moth zombie (Coc:3)
  A sea snake (shapeshifter) (D:15)
  An iron giant zombie (Crypt:2)
  4 swamp dragons
  An orange crystal statue (Zig:7)
  7 glowing orange brains
  A golden dragon skeleton (Vaults:4)
  A golden dragon zombie (Coc:7)
  6 large abominations
  3 anaconda zombies
  A glowing orange brain (shapeshifter) (Depths:4)
  9 necromancers
  42 deep trolls
  5 shambling mangroves
  A spriggan druid (Zig:10)
  14 sea snakes
  3 shadow demons
  18 deep elf archers
  13 ironbrand convokers
  3 anaconda skeletons
  A naga ritualist (Zig:13)
  11 wizards
  A sphinx zombie (Zig:5)
  10 phantasmal warriors
  31 harpies
  80 deep elf magi
  A mana viper (shapeshifter) (Depths:4)
  15 orc knights
  A wolf spider (shapeshifter) (Vaults:5)
  20 orb spiders
  56 ugly things
  A harpy (shapeshifter) (D:15)
  An oklob plant (Lair:1)
  2 mana vipers (Zig:13)
  3 orc sorcerers
  A spectral ettin (Crypt:3)
  41 wolf spiders
  9 cyclopes
  14 manticores
  12 fauns
  5 shining eyes
  6 stone giant zombies
  A cyclops (shapeshifter) (Elf:2)
  4 iron dragon skeletons
  A manticore (shapeshifter) (Vaults:3)
  2 frost giant zombies
  3 fire giant zombies
  A spectral fire dragon (Crypt:3)
  27 moths of wrath
  4 stone giant skeletons
  A worldbinder (Abyss:2)
  An apocalypse crab (Zig:18)
  A black mamba (shapeshifter) (Vaults:2)
  18 merfolk sirens
  9 water nymphs
  A torpor snail (shapeshifter) (Vaults:2)
  2 guardian serpents (Zig:13)
  4 elephants
  A molten gargoyle (Hell)
  9 torpor snails
  11 black mambas
  4 eyes of devastation
  6 ice statues
  3 fire giant skeletons
  13 vault sentinels
  A water nymph (shapeshifter) (Depths:1)
  A centaur zombie (D:11)
  2 human skeletons (Vaults:2)
  5 gargoyles
  A rust devil (Hell)
  5 spectral swamp worms (Depths:5)
  4 frost giant skeletons
  3 smoke demons
  A kobold demonologist (Abyss:2)
  A naga mage (Zig:13)
  2 spiny frogs (shapeshifter)
  19 spiny frogs
  A dire elephant skeleton (Coc:6)
  An orange demon (Zig:8)
  9 komodo dragons
  A hellion (Zig:8)
  4 rime drakes
  A red draconian zombie (Crypt:2)
  2 red devils (Hell)
  An efreet (D:13)
  31 freezing wraiths
  11 tormentors
  24 demonic crawlers
  52 yaktaurs
  5 anaconda simulacra
  68 guardian mummies
  A golden dragon simulacrum (Hell)
  A yaktaur skeleton (Vaults:4)
  A hellwing (Abyss:2)
  45 ice devils
  6 harpy zombies
  A grey draconian skeleton (Crypt:2)
  4 polar bears
  A spectral glowing shapeshifter (Zig:15)
  15 hydra zombies
  3 tengu conjurers
  40 jumping spiders
  35 merfolk
  2 queen bees (shapeshifter)
  3 tyrant leeches
  4 wind drakes
  A wolf spider simulacrum (Hell)
  12 trolls
  A polar bear (shapeshifter) (Zig:18)
  23 hornets
  8 alligator zombies
  14 blink frogs
  A meliai zombie (D:10)
  105 slime creatures
  10 bog bodies
  2 ettin zombies
  2 fire dragon zombies
  7 raiju (Abyss:2)
  19 hippogriffs
  8 snapping turtles
  A frost giant simulacrum (Coc:3)
  2 ice dragon zombies
  A stone giant simulacrum (Coc:4)
  3 spriggan zombies
  A dream sheep (shapeshifter) (Vaults:5)
  13 dream sheep
  2 hydra skeletons (Hell)
  A hippogriff (shapeshifter) (Vaults:4)
  6 human simulacra
  32 water elementals
  9 air elementals
  2 black mamba zombies
  A tarantella (shapeshifter) (Vaults:2)
  6 ettin skeletons
  91 redbacks
  158 flying skulls
  43 tarantellas
  2 wyverns (shapeshifter)
  2 fire dragon skeletons
  A spriggan (shapeshifter) (Vaults:4)
  23 wraiths
  10 shadows
  18 ushabtiu
  An ice dragon skeleton (Coc:6)
  8 spriggans
  2 fire bats (shapeshifter)
  A yak (shapeshifter) (D:15)
  A basilisk (shapeshifter) (Depths:1)
  4 fire bats (Lair:2)
  8 fire elementals
  6 golden eyes (Slime:3)
  4 wyverns
  5 basilisks
  36 yaks
  15 humans (D:14)
  4 hungry ghosts
  2 neqoxecs (Abyss:2)
  11 vampire mosquitoes
  A chaos spawn (Zig:18)
  A yaktaur simulacrum (Vaults:2)
  Menkaure (D:7)
  2 nagas (Zig:13)
  A spatial vortex (Coc:4)
  3 tengu zombies
  5 wargs
  5 soldier ants (Lair:6)
  15 water moccasins
  A soldier ant (shapeshifter) (Zig:18)
  A spiny frog zombie (Hell)
  2 acid dragons
  An orb spider zombie (Crypt:2)
  9 porcupines
  A two-headed ogre skeleton (Crypt:1)
  2 floating eyes
  A hell hound (Abyss:2)
  A floating eye (shapeshifter) (Depths:3)
  6 small abominations
  A monstrous demonspawn skeleton (Crypt:2)
  39 orc warriors
  A spiny frog skeleton (Coc:6)
  11 ice beasts
  4 swamp drakes
  A hornet zombie (D:9)
  2 alligator simulacra
  3 human zombies
  8 eyes of draining
  4 phantoms
  4 sky beasts
  3 black bears
  15 necrophages
  49 ogres
  10 wolves
  15 boggarts
  2 snapping turtle skeletons
  18 centaurs
  23 crocodiles
  A hippogriff zombie (Shoals:2)
  4 big kobolds
  A gnoll sergeant (D:11)
  23 bullfrogs
  A draconian skeleton (Crypt:1)
  An elf zombie (Crypt:2)
  A cyclops zombie (Depths:2)
  A deep troll simulacrum (Vaults:2)
  3 spiny frog simulacra
  4 earth elementals
  3 wyvern skeletons
  8 scorpions
  3 water moccasin skeletons
  30 wights
  8 howler monkeys
  An electric eel (Elf:3)
  13 crimson imps
  3 bullfrog zombies
  4 starcursed masses (Abyss:2)
  14 jellies
  3 lava snakes
  2 quasits (Abyss:2)
  12 orc priests
  6 hounds
  2 iron imps
  3 bullfrog skeletons
  5 centaur skeletons
  An iguana (D:6)
  21 orc wizards
  21 worker ants
  Terence (D:2)
  2 hound zombies
  66 mummies
  A howler monkey zombie (D:9)
  A worker ant zombie (D:8)
  10 adders
  3 gnolls (D:11)
  An adder (shapeshifter) (Vaults:5)
  A river rat (D:3)
  A tengu simulacrum (Coc:1)
  A swamp drake skeleton (Crypt:1)
  2 shadow imps
  12 white imps
  11 ufetubi
  8 oozes
  An adder zombie (D:9)
  A lava snake zombie (Crypt:2)
  A worm zombie (Crypt:2)
  9 worms
  A dart slug (D:1)
  11 leopard geckos
  108 orcs
  2 bat zombies (Shoals:2)
  12 giant cockroaches
  5 goblins
  7 hobgoblins
  5 jackals
  22 kobolds
  4 quokkas
  4 ball pythons
  A bat (D:3)
  11 frilled lizards
  A kobold zombie (Crypt:1)
  A quokka skeleton (D:5)
  3 rats
  2 fungi (D:10)
  A plant (Lair:5)
  8 tentacles
4058 creatures vanquished.

Vanquished Creatures (others)
  A pandemonium lord (Zig:18)
  A deep elf master archer (Elf:3)
  A nagaraja (Zig:13)
  A draconian knight (Zot:4)
  A draconian stormcaller (Zig:11)
  An elemental wellspring (Coc:6)
  A stone giant (Depths:4)
  An ettin (Vaults:5)
  6 merfolk javelineers
  A quicksilver dragon skeleton (Coc:6)
  9 yaktaur captains
  4 centaur warriors
  A satyr (Shoals:3)
  An ogre mage (Depths:1)
  A deep troll earth mage (Depths:1)
  13 death scarabs (Tomb:3)
  A tengu warrior (Depths:1)
  2 shadow wraiths (Crypt:3)
  2 unseen horrors
  4 deep elf archers (Elf:1)
  A deep elf mage (D:10)
  An orc sorcerer (Vaults:1)
  2 orb spiders (Zig:16)
  A shadow dragon skeleton (Tomb:2)
  An ugly thing (Depths:1)
  2 cyclopes
  2 fauns (Shoals:1)
  A manticore (Shoals:4)
  15 yaktaurs
  An ice devil (Hell)
  14 flying skulls
  A ynoxinul (Abyss:2)
  An ushabti (Tomb:2)
  2 centaurs
  A manticore skeleton (Tomb:3)
  2 earth elementals (Zig:7)
  A crimson imp (D:15)
  6 mummies (Tomb:2)
  A white imp (IceCv)
  4 ufetubi (IceCv)
  2 orcs
  2 kobolds
  11 fungi
  21 plants
  14 tentacles
163 creatures vanquished.

Grand Total: 4221 creatures vanquished

Notes
Turn   | Place    | Note
-------+----------+-------------------------------------------
     0 | D:1      | Ijustatesigmund the Gargoyle Fighter began the quest for the Orb.
     0 | D:1      | Reached XP level 1. HP: 14/14 MP: 1/1
   184 | D:1      | Reached XP level 2. HP: 14/19 MP: 2/2
   829 | D:2      | Found a bloodstained altar of Trog.
  1035 | D:2      | Reached XP level 3. HP: 18/24 MP: 3/3
  1273 | D:2      | Noticed Terence
  1279 | D:2      | Killed Terence
  1279 | D:2      | Reached XP level 4. HP: 29/29 MP: 4/4
  1616 | D:3      | Found an opulent altar of Gozag.
  1771 | D:3      | Gained mutation: You are weak. (Str -2) [potion of mutation]
  1771 | D:3      | Gained mutation: You are agile. (Dex +2) [potion of mutation]
  1771 | D:3      | Gained mutation: You have sharp fingernails. [potion of mutation]
  1771 | D:3      | Gained mutation: You are partially covered in iridescent scales. (AC +2) [potion of mutation]
  1985 | D:3      | Found a glowing drain.
  2007 | Sewer    | Entered a sewer
  2033 | Sewer    | Reached XP level 5. HP: 27/34 MP: 5/5
  2507 | D:3      | Reached skill level 5 in Fighting
  2507 | D:3      | Reached skill level 5 in Maces & Flails
  2507 | D:3      | Reached XP level 6. HP: 22/40 MP: 6/6
  3040 | D:4      | Found an ornate altar of the Wu Jian Council.
  3050 | D:4      | Reached skill level 1 in Dodging
  3099 | D:4      | Found a radiant altar of Vehumet.
  3245 | D:4      | Reached XP level 7. HP: 17/45 MP: 7/7
  3676 | D:4      | Found a white marble altar of Elyvilon.
  3730 | D:4      | Found a basalt altar of Yredelemnul.
  3830 | D:5      | Entered Level 5 of the Dungeon
  4172 | D:5      | Found Puschixe's Jewellery Emporium.
  4261 | D:5      | Reached XP level 8. HP: 44/52 MP: 8/8
  4357 | D:5      | Found a glowing golden altar of the Shining One.
  4364 | D:5      | Found a shattered altar of Ashenzari.
  4501 | D:5      | Got a slimy ring mail
  4507 | D:5      | Identified the cursed +1 ring mail of the Pure Demons {Str+5 Dex+3} (You found it on level 5 of the Dungeon)
  4698 | D:5      | Gained mutation: You are resistant to hostile enchantments. (MR+) [mutagenic meat]
  4699 | D:5      | Gained mutation: You occasionally shout uncontrollably at your foes. [mutagenic meat]
  4700 | D:5      | Gained mutation: Your movements are slightly less encumbered by armour. (ER -2) [mutagenic meat]
  4845 | D:5      | Found a deep blue altar of Sif Muna.
  4918 | D:6      | Found a shimmering altar of Xom.
  5046 | D:6      | Noticed a wyvern
  5051 | D:6      | Killed a wyvern
  5093 | D:6      | Found a shimmering altar of Xom.
  5101 | D:6      | Found a shimmering altar of Xom.
  5101 | D:6      | Found a shimmering altar of Xom.
  5103 | D:6      | Found a shimmering altar of Xom.
  5104 | D:6      | Found a shimmering altar of Xom.
  5105 | D:6      | Found a shimmering altar of Xom.
  5144 | D:6      | Found a staircase to the Ecumenical Temple.
  5309 | D:6      | Reached XP level 9. HP: 57/57 MP: 9/9
  5433 | Temple   | Entered the Ecumenical Temple
  5582 | D:7      | Reached skill level 5 in Shields
  5600 | D:7      | Reached skill level 5 in Armour
  5626 | D:7      | Noticed Menkaure
  5634 | D:7      | Killed Menkaure
  6390 | D:7      | Found a snail-covered altar of Cheibriados.
  6395 | D:7      | Became a worshipper of Cheibriados the Contemplative
  6654 | D:8      | Found a hide-covered altar of Uskayaw.
  6750 | D:8      | Reached skill level 1 in Invocations
  6782 | D:8      | Found a glowing silver altar of Zin.
  6819 | D:8      | Noticed a two-headed ogre
  6825 | D:8      | Killed a two-headed ogre
  6825 | D:8      | Reached skill level 2 in Invocations
  6825 | D:8      | Reached XP level 10. HP: 43/66 MP: 9/12
  7033 | D:8      | Killed an unseen horror
  7033 | D:8      | Reached skill level 3 in Invocations
  7173 | D:8      | Reached * piety under Cheibriados
  7303 | D:8      | Found a runed door.
  7305 | D:8      | Noticed a sixfirhy
  7312 | D:8      | Found a blossoming altar of Fedhas.
  7329 | D:8      | Found a stormy altar of Qazlal.
  7658 | D:9      | Learned a level 1 spell: Magic Dart
  7661 | D:9      | Learned a level 2 spell: Blink
  7735 | D:9      | Reached ** piety under Cheibriados
  7748 | D:9      | Reached skill level 4 in Invocations
  8026 | D:9      | Reached skill level 5 in Invocations
  8106 | D:9      | Noticed Prince Ribbit
  8144 | D:9      | Found a hazy altar of Hepliaklqana.
  8245 | D:10     | Entered Level 10 of the Dungeon
  8327 | D:10     | Reached *** piety under Cheibriados
  8327 | D:10     | Reached skill level 10 in Fighting
  8508 | D:10     | Noticed a two-headed ogre
  8515 | D:10     | Killed a two-headed ogre
  8515 | D:10     | Reached skill level 6 in Invocations
  8515 | D:10     | Reached XP level 11. HP: 62/73 MP: 15/15
  8542 | D:10     | Reached skill level 10 in Maces & Flails
  8638 | D:10     | Got a smoking chain mail
  8650 | D:10     | Identified the +7 chain mail of Huth {rElec rCorr SInv} (You found it on level 10 of the Dungeon)
  8679 | D:10     | Noticed a deep elf mage
  8684 | D:10     | Killed a deep elf mage
  8687 | D:10     | Got a brightly glowing hat
  8693 | D:10     | Identified the +2 hat "Cerghe" {rElec rPois Regen+ Dex-2} (You found it on level 10 of the Dungeon)
  8698 | D:10     | Noticed a deep elf mage
  8701 | D:10     | Killed a deep elf mage
  8843 | D:10     | Found a staircase to the Lair.
  8915 | D:10     | Noticed Josephine
  8936 | D:10     | Killed Josephine
  8944 | D:10     | Reached **** piety under Cheibriados
  9064 | D:10     | Reached skill level 5 in Dodging
  9127 | D:10     | Noticed a two-headed ogre
  9132 | D:10     | Killed a two-headed ogre
  9172 | D:10     | Found Qotysch's Antique Weapon Shoppe.
  9223 | D:11     | Found Myoth's Antique Armour Shoppe.
  9228 | D:11     | Bought a transparent chain mail for 237 gold pieces
  9238 | D:11     | Identified the cursed +1 chain mail of Cloud Cover {rElec rPois rC- Int+5} (You bought it in a shop on level 11 of the Dungeon)
  9250 | D:11     | Found a portal to a secret trove of treasure.
  9405 | D:11     | Noticed a green ugly thing
  9422 | D:11     | Killed a green ugly thing
  9462 | D:11     | Noticed a green ugly thing
  9535 | D:11     | Killed a green ugly thing
  9551 | D:11     | Found a staircase to the Orcish Mines.
  9570 | D:11     | Found a roughly hewn altar of Beogh.
  9624 | D:11     | Reached XP level 12. HP: 78/78 MP: 16/16
  9666 | D:11     | Noticed a two-headed ogre
  9679 | D:11     | Killed a two-headed ogre
  9679 | D:11     | Reached ***** piety under Cheibriados
  9929 | D:11     | Reached skill level 10 in Armour
 10276 | D:12     | Noticed a centaur warrior
 10277 | D:12     | Noticed a two-headed ogre
 10280 | D:12     | Killed a centaur warrior
 10285 | D:12     | Killed a two-headed ogre
 10302 | D:12     | Noticed a two-headed ogre
 10307 | D:12     | Killed a two-headed ogre
 10383 | D:12     | Reached skill level 7 in Invocations
 10478 | D:12     | Found a blossoming altar of Fedhas.
 10898 | D:12     | Noticed a five-headed hydra
 10921 | D:12     | Killed a five-headed hydra
 10921 | D:12     | Reached XP level 13. HP: 70/84 MP: 18/18
 10983 | D:13     | Reached skill level 8 in Invocations
 11088 | D:13     | Reached ****** piety under Cheibriados
 11303 | D:13     | Reached skill level 1 in Translocations
 11756 | D:14     | Found a sacrificial altar of Ru.
 12038 | D:14     | Reached skill level 9 in Invocations
 12065 | D:14     | Found a gate to the Vaults.
 12066 | D:14     | Noticed a vault guard
 12066 | D:14     | Noticed a vault guard
 12066 | D:14     | Noticed a vault guard
 12086 | D:14     | Killed a vault guard
 12110 | D:14     | Killed a vault guard
 12132 | D:14     | Killed a vault guard
 12193 | D:14     | Reached skill level 10 in Invocations
 12193 | D:14     | Gained mutation: Your large and strong wings let you fly indefinitely. [Gargoyle growth]
 12193 | D:14     | Reached XP level 14. HP: 92/92 MP: 21/21
 12317 | D:14     | Found Jaanuixa's Food Shop.
 12377 | D:14     | Reached skill level 5 in Translocations
 12684 | D:11     | Reached XP level 15. HP: 97/97 MP: 22/22
 12726 | Lair:1   | Entered Level 1 of the Lair of Beasts
 13500 | Lair:2   | Found a staircase to the Shoals.
 13715 | Lair:2   | Found a hole to the Spider Nest.
 13815 | Lair:2   | Reached skill level 11 in Invocations
 14335 | Lair:2   | Got an ichor-stained buckler
 14346 | Lair:2   | Identified the +0 buckler of Bipeex {Dex+4} (You found it on level 2 of the Lair of Beasts)
 14484 | Lair:3   | Found a frozen archway.
 14557 | IceCv    | Entered an ice cave
 15042 | IceCv    | Got a twisted demon whip
 15043 | IceCv    | Identified the +8 demon whip "Laron" {pain, Fragile rPois Int+6} (You found it in an ice cave)
 15098 | IceCv    | Learned a level 4 spell: Control Undead
 15360 | Lair:3   | Reached skill level 1 in Necromancy
 16735 | Lair:5   | Reached skill level 5 in Necromancy
 16998 | Lair:6   | Entered Level 6 of the Lair of Beasts
 17010 | Lair:6   | Noticed George's ghost (journeyman DsFi)
 17024 | Lair:6   | Killed George's ghost
 17134 | Lair:6   | Reached XP level 16. HP: 104/104 MP: 24/24
 17349 | Lair:6   | Found a staircase to the Slime Pits.
 18491 | Orc:1    | Entered Level 1 of the Orcish Mines
 18721 | Orc:1    | Found a bloodstained altar of Trog.
 18725 | Orc:1    | Noticed Fannar
 18739 | Orc:1    | Killed Fannar
 18905 | Orc:2    | Entered Level 2 of the Orcish Mines
 19016 | Orc:2    | Found Bupp's Weapon Shop.
 19016 | Orc:2    | Found Todig's Book Boutique.
 19016 | Orc:2    | Found Mamunt's Magic Scroll Shoppe.
 19043 | Orc:2    | Reached skill level 10 in Necromancy
 19086 | Orc:2    | Found a staircase to the Elven Halls.
 19336 | Orc:2    | Found Laeh's Food Boutique.
 19350 | Orc:2    | Bought a scroll of identify for 26 gold pieces
 19350 | Orc:2    | Bought a scroll of identify for 26 gold pieces
 19350 | Orc:2    | Bought a scroll of identify for 26 gold pieces
 19350 | Orc:2    | Bought a scroll of teleportation for 39 gold pieces
 19682 | Elf:1    | Entered Level 1 of the Elven Halls
 19932 | Spider:1 | Entered Level 1 of the Spider Nest
 19969 | Spider:1 | Reached skill level 12 in Invocations
 20016 | Spider:1 | Noticed Louise
 20049 | Spider:1 | Killed Louise
 20049 | Spider:1 | Reached XP level 17. HP: 92/111 MP: 26/26
 20250 | Spider:1 | Reached skill level 13 in Invocations
 20894 | Spider:2 | Reached skill level 14 in Invocations
 21958 | Spider:3 | Reached skill level 15 in Invocations
 23102 | Spider:4 | Entered Level 4 of the Spider Nest
 23121 | Spider:4 | Reached skill level 16 in Invocations
 23563 | Spider:4 | Reached skill level 17 in Invocations
 23563 | Spider:4 | Reached XP level 18. HP: 116/116 MP: 0/30
 23869 | Spider:4 | Reached skill level 18 in Invocations
 23974 | Spider:4 | Got a gossamer rune of Zot
 24282 | Shoals:1 | Entered Level 1 of the Shoals
 24388 | Shoals:1 | Found Iphotul's Armour Emporium.
 25036 | Shoals:2 | Reached skill level 10 in Shields
 25084 | Shoals:2 | Reached skill level 1 in Throwing
 25960 | Shoals:4 | Entered Level 4 of the Shoals
 26116 | Shoals:3 | Reached skill level 5 in Throwing
 26314 | Shoals:3 | Reached XP level 19. HP: 80/121 MP: 32/32
 27045 | Shoals:4 | Reached skill level 15 in Fighting
 27062 | Shoals:4 | Noticed Polyphemus
 27083 | Shoals:4 | Killed Polyphemus
 27588 | Shoals:4 | Found the +8 whip "Snakebite" {curare, rPois}
 27663 | Shoals:4 | Noticed Ilsuiw
 27718 | Shoals:4 | Killed Ilsuiw
 28241 | Shoals:4 | Got a barnacled rune of Zot
 28918 | Elf:1    | Reached XP level 20. HP: 136/136 MP: 33/33
 29845 | Elf:2    | Found a runed gate.
 29845 | Elf:2    | Found a runed gate.
 29845 | Elf:2    | Found a runed gate.
 29998 | Elf:2    | Found Muebae Jejo's Antique Weapon Emporium.
 30006 | Elf:2    | Bought a steaming mace for 144 gold pieces
 30006 | Elf:2    | Identified the +11 mace "Orb Guardian's Death" {crush, rC+ Dex-3 Stlth+} (You bought it in a shop on level 2 of the Elven Halls)
 30501 | Elf:3    | Entered Level 3 of the Elven Halls
 30605 | Elf:3    | Found Pynytzaf's Distillery.
 30688 | Elf:3    | Bought a potion of might for 68 gold pieces
 30688 | Elf:3    | Bought a potion of might for 68 gold pieces
 30688 | Elf:3    | Bought a potion of might for 68 gold pieces
 30688 | Elf:3    | Bought 2 potions of curing for 102 gold pieces
 30688 | Elf:3    | Bought a potion of heal wounds for 85 gold pieces
 30688 | Elf:3    | Bought 2 potions of curing for 102 gold pieces
 30688 | Elf:3    | Bought 2 potions of heal wounds for 170 gold pieces
 30788 | Elf:3    | Found Wiluu's Jewellery Shoppe.
 30789 | Elf:3    | Found Jaxelymm's Distillery.
 30791 | Elf:3    | Bought 2 potions of curing for 84 gold pieces
 30791 | Elf:3    | Bought a potion of heal wounds for 70 gold pieces
 30798 | Elf:3    | Bought a +3 ring of slaying for 450 gold pieces
 31355 | Elf:3    | Noticed a Tzitzimitl
 31496 | Elf:3    | Noticed a Tzitzimitl
 31646 | Elf:3    | Reached XP level 21. HP: 147/147 MP: 34/34
 31672 | Elf:3    | Identified the ring of Ineuraups {rElec MP+9} (You took it off a deep elf annihilator on level 3 of the Elven Halls)
 31680 | Elf:3    | Identified the ring of Riffel Xaha {*Slow rPois MR+++ Str+2 Dex+2} (You took it off a deep elf archer on level 3 of the Elven Halls)
 31744 | Elf:3    | Identified the +8 morningstar of Feuw {crush, MR+ Dex+3 SInv} (You took it off a deep elf sorcerer on level 3 of the Elven Halls)
 31783 | Elf:3    | Identified Pemeh's Disquisition on the Supportive Arsonist
 31829 | Elf:3    | Learned a level 3 spell: Regeneration
 32239 | Vaults:1 | Entered Level 1 of the Vaults
 32274 | Vaults:1 | Reached skill level 1 in Charms
 32712 | Vaults:1 | Gained mutation: You are very weak. (Str -4) [a cacodemon]
 32716 | Vaults:1 | Lost mutation: You have sharp fingernails. [a cacodemon]
 33668 | Vaults:2 | Reached skill level 5 in Charms
 33676 | Vaults:2 | Identified the +0 ring mail of the Flute {Int+5} (You found it on level 2 of the Vaults)
 33774 | Vaults:2 | Learned a level 1 spell: Animate Skeleton
 33834 | Vaults:2 | Reached skill level 10 in Throwing
 33862 | Vaults:2 | Found a staircase to the Crypt.
 33936 | Vaults:2 | Reached skill level 15 in Maces & Flails
 34109 | Vaults:2 | Reached XP level 22. HP: 147/153 MP: 35/35
 35392 | Vaults:3 | Identified the +0 leather armour "Gyunumag" {rElec Regen+ Dex+4 Stlth+} (You found it on level 3 of the Vaults)
 35984 | Vaults:3 | Cast into level 2 of the Abyss (a wizard)
 36058 | Abyss:2  | Gained mutation: Scrolls take you a little longer to read. [a neqoxec]
 36177 | Abyss:2  | Paralysed by accursed screaming for 1 turns
 36344 | Vaults:3 | Escaped the Abyss
 36350 | Vaults:3 | Lost mutation: You are agile. (Dex +2) [potion of mutation]
 36350 | Vaults:3 | Lost mutation: You are very weak. (Str -4) [potion of mutation]
 36350 | Vaults:3 | Gained mutation: You are dopey. (Int -2) [potion of mutation]
 36350 | Vaults:3 | Gained mutation: Your natural rate of healing is unusually fast. [potion of mutation]
 36351 | Vaults:3 | Lost mutation: You are dopey. (Int -2) [potion of mutation]
 36351 | Vaults:3 | Lost mutation: Scrolls take you a little longer to read. [potion of mutation]
 36351 | Vaults:3 | Gained mutation: You are clumsy. (Dex -2) [potion of mutation]
 36351 | Vaults:3 | Gained mutation: You are somewhat resistant to further mutation. [potion of mutation]
 36912 | Vaults:4 | Reached XP level 23. HP: 115/158 MP: 36/36
 37484 | Vaults:4 | Found Xusum's Gadget Shoppe.
 37694 | Vaults:4 | Identified the cursed +1 scale mail of Wimyurat {Dex+5} (You found it on level 4 of the Vaults)
 37785 | Vaults:5 | Entered Level 5 of the Vaults
 37793 | Vaults:5 | Reached skill level 19 in Invocations
 37797 | Vaults:5 | Noticed Jory
 37861 | Vaults:4 | Killed Jory
 37943 | Vaults:5 | Noticed Mennas
 38043 | Vaults:5 | Noticed an ancient lich
 38062 | Vaults:5 | Killed an ancient lich
 38062 | Vaults:5 | Reached skill level 20 in Invocations
 38069 | Vaults:5 | Noticed a golden dragon
 38363 | Vaults:5 | Reached XP level 24. HP: 164/168 MP: 37/37
 38407 | Vaults:5 | Killed Mennas
 38583 | Vaults:5 | Learned a level 1 spell: Apportation
 38587 | Vaults:5 | Learned a level 3 spell: Lesser Beckoning
 38589 | Vaults:5 | Learned a level 1 spell: Summon Butterflies
 38709 | Vaults:5 | Reached skill level 1 in Spellcasting
 38709 | Vaults:5 | Reached skill level 1 in Summonings
 38837 | Vaults:5 | Got a twitching lead amulet
 39031 | Vaults:5 | Identified the amulet of Foawid {Harm *Drain *Slow rN+ Int+4} (You took it off an ironbrand convoker on level 5 of the Vaults)
 39047 | Vaults:5 | Identified the +5 scale mail of Theory {rN+ Regen+ Str+2 Slay+3} (You found it on level 5 of the Vaults)
 39381 | Vaults:5 | Got a silver rune of Zot
 39477 | Vaults:5 | Identified Cerebov's Reference Book on the Volcanoes
 39729 | Crypt:1  | Entered Level 1 of the Crypt
 40247 | Crypt:1  | Found a basalt altar of Yredelemnul.
 40850 | Crypt:2  | Reached skill level 5 in Summonings
 40863 | Crypt:2  | Reached skill level 5 in Spellcasting
 40912 | Crypt:2  | Noticed Xtahua
 40923 | Crypt:2  | Killed Xtahua
 41686 | Crypt:3  | Entered Level 3 of the Crypt
 41894 | Crypt:3  | Reached XP level 25. HP: 175/175 MP: 37/37
 42028 | Crypt:3  | Reached skill level 1 in Stealth
 42034 | Crypt:3  | Reached skill level 1 in Evocations
 42073 | Crypt:3  | Found an ancient bone altar of Kikubaaqudgha.
 42295 | Crypt:3  | Reached skill level 5 in Stealth
 42490 | Crypt:3  | Reached skill level 5 in Evocations
 42672 | Crypt:3  | Found a staircase to the Tomb.
 42684 | Crypt:3  | Identified the +1 plate armour of Wu Jian's Approval {*Corrode rPois rF- Int+8} (You found it on level 3 of the Crypt)
 42720 | Crypt:3  | Noticed Margery
 42745 | Crypt:3  | Killed Margery
 43020 | Crypt:3  | Identified the Almanac of Stolen Souls
 43183 | Tomb:1   | Entered Level 1 of the Tomb of the Ancients
 43198 | Tomb:1   | Noticed Mara
 43200 | Tomb:1   | Noticed Ijustatesigmund's illusion
 43219 | Tomb:1   | Killed Mara
 43745 | Tomb:1   | Reached XP level 26. HP: 175/180 MP: 37/37
 43773 | Tomb:1   | Noticed a greater mummy
 43783 | Tomb:1   | Killed a greater mummy
 43864 | Tomb:1   | Noticed an ancient lich
 43884 | Tomb:1   | Killed an ancient lich
 44114 | Tomb:2   | Noticed a greater mummy
 44115 | Tomb:2   | Noticed a greater mummy
 44115 | Tomb:2   | Noticed a greater mummy
 44167 | Tomb:2   | Noticed Khufu
 44171 | Tomb:2   | Noticed a greater mummy
 44171 | Tomb:2   | Noticed a greater mummy
 44172 | Tomb:2   | Noticed a greater mummy
 44188 | Tomb:2   | Killed a greater mummy
 44191 | Tomb:2   | Killed a greater mummy
 44193 | Tomb:2   | Killed a greater mummy
 44195 | Tomb:2   | Killed a greater mummy
 44195 | Tomb:2   | Reached skill level 15 in Armour
 44198 | Tomb:2   | Killed a greater mummy
 44209 | Tomb:2   | Reached skill level 10 in Dodging
 44442 | Tomb:2   | Killed a greater mummy
 44721 | Tomb:3   | Entered Level 3 of the Tomb of the Ancients
 44735 | Tomb:3   | Noticed a greater mummy
 44739 | Tomb:3   | Noticed a greater mummy
 44742 | Tomb:3   | Reached skill level 21 in Invocations
 44747 | Tomb:3   | Killed a greater mummy
 44750 | Tomb:3   | Killed a greater mummy
 44762 | Tomb:3   | Noticed a greater mummy
 44775 | Tomb:3   | Noticed a greater mummy
 44785 | Tomb:3   | Killed a greater mummy
 44957 | Tomb:3   | Reached skill level 22 in Invocations
 44962 | Tomb:3   | Reached XP level 27. HP: 186/186 MP: 35/38
 44977 | Tomb:3   | Killed a greater mummy
 45139 | Tomb:3   | Noticed a greater mummy
 45154 | Tomb:3   | Killed a greater mummy
 45276 | Tomb:3   | Noticed a greater mummy
 45292 | Tomb:3   | Killed a greater mummy
 45292 | Tomb:3   | Reached skill level 23 in Invocations
 45394 | Tomb:3   | Noticed a greater mummy
 45416 | Tomb:3   | Killed a greater mummy
 45468 | Tomb:3   | Noticed a greater mummy
 45486 | Tomb:3   | Killed a greater mummy
 45666 | Tomb:3   | Noticed a greater mummy
 45682 | Tomb:3   | Killed a greater mummy
 45709 | Tomb:3   | Found the +3 crown of Dyrovepreva {rElec Int+2 SInv}
 45748 | Tomb:3   | Found the +3 Elemental Staff {rElec rF++ rC++ MR++ AC+5}
 45748 | Tomb:3   | Found the +7 longbow "Piercer" {penet, EV-2}
 45776 | Tomb:3   | Got a vibrating tin ring
 45778 | Tomb:3   | Identified the ring of Baolull {Ice Slay+5} (You found it on level 3 of the Tomb of the Ancients)
 45788 | Tomb:3   | Learned a level 3 spell: Portal Projectile
 45800 | Tomb:3   | Got a warped lead ring
 45802 | Tomb:3   | Identified the ring of Meokhl Qenu {+Fly rPois rF+ Str+3 SInv} (You found it on level 3 of the Tomb of the Ancients)
 45829 | Tomb:3   | Identified the Incunabulum of Destructive Sinister Arts
 45834 | Tomb:3   | Learned a level 2 spell: Song of Slaying
 45993 | Tomb:3   | Got a golden rune of Zot
 46639 | D:11     | You paid a toll of 8 potions of haste to enter a treasure trove
 46640 | Trove    | Entered a treasure trove
 46902 | D:15     | Entered Level 15 of the Dungeon
 47392 | D:15     | Identified the +2 scale mail of Codiday {rPois SInv} (You found it on level 15 of the Dungeon)
 47692 | D:15     | Found a staircase to the Depths.
 47741 | Depths:1 | Entered Level 1 of the Depths
 47747 | Depths:1 | Reached skill level 10 in Evocations
 47797 | Depths:1 | Found a runed door.
 47935 | Depths:1 | Found a gateway to Hell.
 49624 | Depths:2 | Noticed Aizul
 49637 | Depths:2 | Killed Aizul
 49859 | Depths:2 | Noticed a juggernaut
 49869 | Depths:2 | Killed a juggernaut
 50111 | Depths:2 | Identified the +0 leather armour of Sovereignty {MP-9 Str-4 Slay+6 SInv} (You found it on level 2 of the Depths)
 50282 | Depths:3 | Found Rybo Raz's Armour Boutique.
 50323 | Depths:3 | Found a one-way gate leading to the halls of Pandemonium.
 50481 | Depths:3 | Reached skill level 15 in Evocations
 50623 | Depths:3 | Found Futs's Jewellery Shop.
 50624 | Depths:3 | Found Qeprebel's Gadget Emporium.
 50624 | Depths:3 | Found Fefomex's Gadget Emporium.
 50850 | Depths:3 | Noticed a juggernaut
 50864 | Depths:3 | Killed a juggernaut
 50989 | Depths:3 | Noticed a juggernaut
 51006 | Depths:3 | Killed a juggernaut
 51063 | Depths:3 | Identified Ykhebour's Reference Book on Creative Ignition
 51066 | Depths:3 | Identified the Volume of the Assistive Snowflakes
 51074 | Depths:3 | Learned a level 5 spell: Summon Forest
 51174 | Depths:3 | Found a one-way gate to the infinite horrors of the Abyss.
 51555 | Depths:4 | Learned a level 2 spell: Passwall
 51844 | Depths:4 | Identified the amulet of Doubt {Inacc rN++ Str+3 Int+2 Dex-4} (You found it on level 4 of the Depths)
 51915 | Depths:4 | Noticed Sojobo
 51924 | Depths:4 | Killed Sojobo
 52036 | Depths:4 | Identified a scroll of acquirement
 53057 | Depths:4 | Noticed a juggernaut
 53068 | Depths:4 | Killed a juggernaut
 53151 | Depths:4 | Identified Sif Muna's Disquisition on Moulding and Flames
 53156 | Depths:4 | Identified the +3 scale mail "Xeduf" {MR++} (You found it on level 4 of the Depths)
 53158 | Depths:4 | Identified the Reference Book on Conjuration and Black Magic
 53360 | Depths:5 | Entered Level 5 of the Depths
 53442 | Depths:5 | Found the amulet of Vitality {Regen+ HP+15}
 53536 | Zig:1    | Entered Level 1 of a ziggurat
 53551 | Zig:2    | Entered Level 2 of a ziggurat
 53572 | Zig:3    | Entered Level 3 of a ziggurat
 53600 | Zig:4    | Entered Level 4 of a ziggurat
 53660 | Zig:5    | Entered Level 5 of a ziggurat
 53660 | Zig:5    | Found the +3 hat of Pondering {ponderous, MR+ MP+10 Int+5}
 53708 | Zig:6    | Entered Level 6 of a ziggurat
 53720 | Zig:6    | Found the +2 hat of the Bear Spirit {Spirit, +Rage rN+ MR++}
 53816 | Zig:7    | Entered Level 7 of a ziggurat
 53881 | Zig:7    | Learned a level 6 spell: Deflect Missiles
 53884 | Zig:7    | Identified the ring of Paelo {*Tele rPois MR+ Dex-3} (You found it on level 7 of a ziggurat)
 53888 | Zig:8    | Entered Level 8 of a ziggurat
 53903 | Zig:8    | Noticed Masunecw the pandemonium lord
 53918 | Zig:8    | Reached skill level 1 in Air Magic
 53936 | Zig:8    | Killed Masunecw the pandemonium lord
 53956 | Zig:8    | Identified Yssifiw's Compendium of Shape Shifting
 54069 | Zig:9    | Entered Level 9 of a ziggurat
 54149 | Zig:9    | Identified the ring "Ecu Wung" {rF+ Dex+5 Stlth+} (You found it on level 9 of a ziggurat)
 54168 | Zig:10   | Entered Level 10 of a ziggurat
 54309 | Zig:11   | Entered Level 11 of a ziggurat
 54437 | Zig:11   | Found the +3 pair of gauntlets of War {Slay+5}
 54445 | Zig:11   | Identified the +3 cloak of Reason {MP-9 Str+5} (You found it on level 11 of a ziggurat)
 54469 | Zig:11   | Identified the ring "Tuaciko" {Fire *Drain rElec rN++ MR++} (You found it on level 11 of a ziggurat)
 54476 | Zig:11   | Identified Ymiyg's Compendium of Lightness and Creation
 54484 | Zig:11   | Identified the cursed +1 morningstar of the Fulmar {crush, rElec rC++} (You found it on level 11 of a ziggurat)
 54490 | Zig:12   | Entered Level 12 of a ziggurat
 54508 | Zig:12   | Found the +7 great mace "Undeadhunter" {disrupt, rN+}
 54663 | Zig:13   | Entered Level 13 of a ziggurat
 54694 | Zig:13   | Reached skill level 10 in Air Magic
 54803 | Zig:13   | Identified the +4 chain mail "Huczaomo" {rC+} (You found it on level 13 of a ziggurat)
 54806 | Zig:13   | Identified the ring of Ehofeut {rElec MP+9} (You found it on level 13 of a ziggurat)
 54816 | Zig:14   | Entered Level 14 of a ziggurat
 54852 | Zig:14   | Noticed a greater mummy
 54859 | Zig:14   | Noticed a greater mummy
 54871 | Zig:14   | Killed a greater mummy
 54875 | Zig:14   | Noticed a greater mummy
 54882 | Zig:14   | Killed a greater mummy
 54889 | Zig:14   | Killed a greater mummy
 54925 | Zig:14   | Found the cursed necklace of Bloodlust {*Rage +Rage MR++ Int-3 Slay+6 *Curse}
 54984 | Zig:14   | Identified the amulet "Veepon" {RegenMP Str+4 Dex+3} (You found it on level 14 of a ziggurat)
 55004 | Zig:15   | Entered Level 15 of a ziggurat
 55057 | Zig:15   | Reached skill level 10 in Charms
 55191 | Zig:16   | Entered Level 16 of a ziggurat
 55342 | Zig:16   | Got a pair of translucent boots
 55348 | Zig:16   | Identified the +1 pair of boots "Enavi Wou" {rN+ Str+3 Dex+3 Stlth+} (You found it on level 16 of a ziggurat)
 55371 | Zig:16   | Learned a level 3 spell: Mephitic Cloud
 55394 | Zig:16   | Got an encrusted plate armour
 55400 | Zig:16   | Identified the +14 plate armour of Gulesim {Stlth+} (You found it on level 16 of a ziggurat)
 55421 | Zig:17   | Entered Level 17 of a ziggurat
 55570 | Zig:17   | Got a glittering steel ring
 55572 | Zig:17   | Identified the ring "Ygogisi" {rN+ Dex+7} (You found it on level 17 of a ziggurat)
 55584 | Zig:17   | Identified the Incunabulum of the Big Bang
 55596 | Zig:18   | Entered Level 18 of a ziggurat
 55614 | Zig:18   | Noticed Ytitzoec the pandemonium lord
 55614 | Zig:18   | Noticed Peemuev the pandemonium lord
 55625 | Zig:18   | Killed Ytitzoec the pandemonium lord
 55628 | Zig:18   | Noticed Zidghyane the pandemonium lord
 55630 | Zig:18   | Noticed Hivad the pandemonium lord
 55638 | Zig:18   | Noticed Ywazosh the pandemonium lord
 55640 | Zig:18   | Noticed Hadoghel the pandemonium lord
 55641 | Zig:18   | Killed Zidghyane the pandemonium lord
 55649 | Zig:18   | Noticed Ruufecre the pandemonium lord
 55657 | Zig:18   | Killed Hivad the pandemonium lord
 55670 | Zig:18   | Noticed Noin the pandemonium lord
 55670 | Zig:18   | Noticed Hisad the pandemonium lord
 55670 | Zig:18   | Noticed Vaxuuluoma the pandemonium lord
 55670 | Zig:18   | Noticed Muodwyts the pandemonium lord
 55676 | Zig:18   | Killed Peemuev the pandemonium lord
 55679 | Zig:18   | Killed Hadoghel the pandemonium lord
 55681 | Zig:18   | Killed Ruufecre the pandemonium lord
 55689 | Zig:18   | Killed Ywazosh the pandemonium lord
 55691 | Zig:18   | Killed Muodwyts the pandemonium lord
 55706 | Zig:18   | Killed Hisad the pandemonium lord
 55714 | Zig:18   | Killed Vaxuuluoma the pandemonium lord
 55726 | Zig:18   | Killed Noin the pandemonium lord
 55809 | Zig:18   | Got a smoking glass ring
 55810 | Zig:18   | Identified the ring "Huum" {rCorr Slay+5} (You found it on level 18 of a ziggurat)
 55816 | Zig:18   | Got a scorched iron ring
 55818 | Zig:18   | Identified the ring of Qufui {rC+ Str+4 Int-4 Dex+2 Stlth+} (You found it on level 18 of a ziggurat)
 55891 | Zig:19   | Entered Level 19 of a ziggurat
 55922 | Zig:19   | Noticed a greater mummy
 55931 | Zig:19   | Noticed a greater mummy
 55931 | Zig:19   | Killed a greater mummy
 55943 | Zig:19   | Noticed a greater mummy
 55948 | Zig:19   | Noticed a greater mummy
 55951 | Zig:19   | Noticed a greater mummy
 56069 | Depths:5 | Found a gateway to a ziggurat.
 56094 | Depths:5 | Found a viscous altar of Jiyva.
 56327 | Depths:5 | Paralysed by a floating eye for 3 turns
 56363 | Depths:5 | Reached skill level 15 in Charms
 56519 | Depths:5 | Found a runed door.
 56566 | Depths:5 | Found a runed door.
 56582 | Depths:5 | Found a runed door.
 56669 | Depths:5 | Found a runed door.
 56676 | Depths:5 | Found a runed door.
 56735 | Depths:5 | Found a gate to the Realm of Zot.
 56769 | Zot:1    | Entered Level 1 of the Realm of Zot
 57263 | Zot:1    | Reached skill level 15 in Dodging
 57567 | Zot:2    | Reached skill level 24 in Invocations
 57715 | Zot:2    | Found a transporter.
 57725 | Zot:2    | Found a transporter.
 57725 | Zot:2    | Found a transporter.
 57725 | Zot:2    | Found a transporter.
 57725 | Zot:2    | Found a transporter.
 57726 | Zot:2    | Found a transporter.
 57818 | Zot:2    | Got a twitching bronze ring
 57820 | Zot:2    | Identified the cursed ring "Keested" {+Blink rF++ rC- rN+++ Slay-3} (You found it on level 2 of the Realm of Zot)
 57959 | Zot:2    | Reached skill level 15 in Throwing
 58695 | Zot:3    | Reached skill level 25 in Invocations
 59822 | Zot:4    | Noticed an orb of fire
 59837 | Zot:4    | Gained mutation: You tend to lose your temper in combat. [an orb of fire]
 59842 | Zot:4    | Gained mutation: Your spells are a little easier to cast, but a little less powerful. [an orb of fire]
 59843 | Zot:4    | Killed an orb of fire
 59843 | Zot:4    | Reached skill level 26 in Invocations
 59860 | Zot:4    | Noticed an orb of fire
 59867 | Zot:4    | Gained mutation: Your body sometimes deteriorates upon taking damage. [an orb of fire]
 59869 | Zot:4    | Gained mutation: You expend magic power (3 MP) to strengthen your wands. [an orb of fire]
 59872 | Zot:4    | Killed an orb of fire
 60438 | Zot:5    | Entered Level 5 of the Realm of Zot
 60995 | Lair:1   | Lost mutation: You are clumsy. (Dex -2) [potion of mutation]
 60995 | Lair:1   | Lost mutation: Your body sometimes deteriorates upon taking damage. [potion of mutation]
 60995 | Lair:1   | Lost mutation: Your natural rate of healing is unusually fast. [potion of mutation]
 60995 | Lair:1   | Lost mutation: Your spells are a little easier to cast, but a little less powerful. [potion of mutation]
 60996 | Lair:1   | Lost mutation: You tend to lose your temper in combat. [potion of mutation]
 60996 | Lair:1   | Lost mutation: You occasionally shout uncontrollably at your foes. [potion of mutation]
 60996 | Lair:1   | Lost mutation: You are weak. (Str -2) [potion of mutation]
 60996 | Lair:1   | Gained mutation: Your spells are a little harder to cast, but a little more powerful. [potion of mutation]
 61157 | Slime:1  | Entered Level 1 of the Pits of Slime
 61783 | Slime:5  | Entered Level 5 of the Pits of Slime
 62191 | Slime:4  | Reached skill level 27 in Invocations
 62770 | Slime:5  | Found a viscous altar of Jiyva.
 62772 | Slime:5  | Noticed the Royal Jelly
 62774 | Slime:5  | Found the +7 captain's cutlass {speed, disarm}
 62785 | Slime:5  | Killed the Royal Jelly
 63062 | Slime:5  | Got a slimy rune of Zot
 63064 | Slime:5  | Got a glittering granite ring
 63067 | Slime:5  | Identified the ring "Lesme" {*Corrode rF+ Str+3} (You found it on level 5 of the Pits of Slime)
 63131 | Slime:5  | Identified the Handbook of Vitriolic Curses
 63560 | Hell     | Entered the Vestibule of Hell
 63560 | Hell     | Noticed Geryon
 63575 | Hell     | Noticed Murray
 63624 | Hell     | Killed Murray
 63626 | Hell     | Killed Geryon
 63867 | Hell     | Found a gateway to the Iron City of Dis.
 63998 | Hell     | Found a gateway to the freezing wastes of Cocytus.
 64079 | Hell     | Found a gateway to the decaying netherworld of Tartarus.
 64163 | Hell     | Found a gateway to the ashen valley of Gehenna.
 64355 | Coc:1    | Entered Level 1 of Cocytus
 64638 | Coc:3    | Gained mutation: You are frail. (-10% HP) [mutagenic glow]
 64766 | Coc:3    | Reached skill level 10 in Spellcasting
 65437 | Coc:7    | Entered Level 7 of Cocytus
 65792 | Coc:7    | Gained mutation: Armour fits poorly on your strangely shaped body. [mutagenic glow]
 66031 | Coc:7    | Noticed Antaeus
 66056 | Coc:7    | HP: 5/187 [something (6)]
 66061 | Coc:7    | Killed from afar by Antaeus

Vault maps used:
D:1:      dpeg_cavernosity, hangedman_decor_push, minmay_domino_4
D:2:      lemuel_crystal_altar, first_bread, nrook_loot_triangle,
          minmay_three_crescents, uniq_terence
D:3:      nicolae_gozag_cash_rules_everything_around_me, gup_sewer_entry_bubbles
D:4:      vehumet_statue, kennysheep_ying_yang, nicolae_overflow_crystal_walls
D:5:      led_sif_pool, amethyst_overflow_temple_binary, serial_shops,
          nicolae_shop_stone
D:6:      nicolae_xom_altar_mimics, temple_green
D:7:      kennysheep_mini, uniq_menkaure
D:8:      cheibrodos_shockbox, grunt_temple_overflow_forces_of_nature,
          lemuel_doored_altar, nicolae_overflow_hidden_temple
D:9:      marbit_many_paths, special_room, uniq_prince_ribbit1
D:10:     grunt_lair_entry_orc_guard_hut, serial_shops, shop, the_bakery,
          hangedman_minor_magic, uniq_josephine
D:11:     david_orc_5, serial_shops, shop, enter_trove_2
D:12:     fedhas_altar_fruit_tree
D:14:     grunt_vaults_entry_tiered, serial_shops, shop,
          nicolae_ru_path_of_blood
D:15:     gammafunk_enter_depths_forms
Temple:   corrupted_temple
Lair:1:   grunt_forest_small_clearings, dpeg_stationary_puzzle
Lair:2:   minmay_shoals_entry_lonely_mermaid, nicolae_spider_entry_non_spiders,
          hibernation_bobbens
Lair:3:   portal_ice_cave_rime
Lair:4:   kennysheep_catoblepas_arena, infiniplex_staircase_pool_2
Lair:5:   roderic_carrion_pond
Lair:6:   grunt_lair_end_beastmaster, nicolae_slime_entry_slimehenge,
          wad_woods_antlair, infiniplex_staircase_pool, serial_bayou_shore_b
Shoals:1: serial_shops, shop
Shoals:2: nicolae_shoals_undead_eyrie
Shoals:3: nicolae_shoals_siren_and_animal_friends
Shoals:4: shoals_end_simple, shoals_ilsuiw_alternative, ldierk_geyser,
          abandoned_shop, nicolae_shoals_mertower, uniq_polyphemus
Spider:1: spider_trap, uniq_louise
Spider:2: nicolae_spider_cling_ruins
Spider:4: grunt_spider_rune_parallel, nicolae_spider_shape
Slime:4:  cheibrodos_slime_lost_civilization_7
Orc:1:    basic_altar, uniq_fannar
Orc:2:    st_orc_open
Elf:1:    elf_arrival_001, minmay_elf_crystal_hexagon
Elf:2:    serial_shops, shop
Elf:3:    elf_hall_gauntlet_narrow, serial_shops, shop, shop, shop,
          grunt_ministairs_5, nrook_mini_backslash
Vaults:1: v_misc_23, vaults_mumra_hex, hangedman_vaults_cutoff,
          nicolae_vaults_what_the_h, hangedman_vaults_capsules,
          ontoclasm_vaults_loading_screen, vaults_room_door_ring
Vaults:2: nicolae_vaults_yaktaur_gun_rack, minmay_crypt_entry_simple_plaza,
          hangedman_vaults_locks, v_misc_18, dpeg_vaults_monster_row, v_misc_24,
          ontoclasm_vaults_shuriken, nicolae_vaults_network_periphery,
          v_rooms_6, nicolae_vaults_little_ls, st_cells
Vaults:3: vaults_standard_mumra_enter_the_diamond, nicolae_vaults_theta,
          nicolae_vaults_border_crossing, v_alt_pattern_2, v_alt_pattern_2,
          vaults_room_semicircle, nicolae_vaults_little_squares_2, kb_rosetta,
          v_misc_14, v_alt_pattern_5, nicolae_vaults_network_quinsquares,
          nicolae_vaults_diagonal_hallway_9, nicolae_vaults_ring_of_whatevers,
          serial_ice_m, vaults_mumra_chevron, ontoclasm_vaults_decontamination
Vaults:4: v_misc_11, hangedman_vaults_unwind, hangedman_vaults_stream,
          nicolae_vaults_shelves_hall, v_misc_13,
          nicolae_vaults_little_squares_2, v_misc_16, v_misc_24,
          grunt_vaults_hallway_short, serial_shops, nicolae_shop_waterfront
Vaults:5: uniq_jory, uniq_mennas
Crypt:1:  basic_altar
Crypt:2:  st_burial_chamber, uniq_xtahua
Crypt:3:  grunt_crypt_end_deaths_head, uniq_margery
Tomb:1:   uniq_mara
Tomb:2:   uniq_khufu
Depths:1: minmay_swirls_squares, pf_dread_powers_of_hell,
          kennysheep_nondescript, grunt_ministairs_3, lightli_gold_pyramid,
          uniq_aizul
Depths:2: giant_chief_lemuel, hell_entry, infiniplex_staircase_star
Depths:3: kennysheep_large_spiral, hangedman_coc_ice_floe, pan_entry,
          serial_shops, shop, nicolae_abyss_entry_one_way_or_another,
          grunt_ministairs_11, minmay_shop_grove, serial_bayou_shore_b,
          minmay_staircase_bubble, serial_bayou_shore_b
Depths:4: little_maze_vault, abyss_entry, lightli_too_deep, st_stairs_11,
          spider_trap, grunt_ministairs_15, infiniplex_staircase_spiral,
          uniq_sojobo
Depths:5: evilmike_zot_entry_castle, enter_ziggurat_c,
          hangedman_abyss_or_decor_lesser_grid, special_room,
          pf_hell_entry_tar_river
Coc:7:    coc_grunt_cove
Zot:1:    grunt_megastairs_2
Zot:2:    gammafunk_the_bubble, st_stairs_12
Zot:3:    nicolae_moth_party
Zot:4:    grunt_zot_stairs_mandelzot
Zig:11:   ziggurat_pillar_centre_c
Zig:14:   ziggurat_pillar_centre_dead_trees
Zig:17:   ziggurat_pillar_centre_oklobs
Trove:    trove_garden
Sewer:    sewer_frog_island_01
IceCv:    ice_cave_small_demon

Skill      XL: |  1  2  3  4  5  6  7  8  9 10 11 12 13 14 15 16 17 18 19 20 21 22 23 24 25 26 27 |
---------------+----------------------------------------------------------------------------------+-----
Maces & Flails | 3 4 5 6 7 8 9 10 12 13 15 16 19 | 19.3
Fighting       | 4 5 6 7 9 10 11 12 13 14 18 20 22 24 | 24.6
Dodging        | 2 3 6 7 8 10 15 | 15.0
Shields        | 4 6 7 8 10 11 12 13 | 13.6
Armour         | 4 6 9 11 13 15 19 | 19.1
Invocations    | 2 6 7 10 11 12 17 18 20 22 27 | 27.0
Translocations | 4 5 8 |  8.5
Necromancy     | 6 10 | 10.2
Throwing       | 6 10 14 22 | 22.4
Charms         | 6 9 16 | 16.3
Spellcasting   | 5 6 13 | 13.7
Summonings     | 6 |  6.3
Stealth        | 9 |  9.6
Evocations     | 7 15 | 15.0
Air Magic      | 13 | 13.1

Action                   |  1- 3 |  4- 6 |  7- 9 | 10-12 | 13-15 | 16-18 | 19-21 | 22-24 | 25-27 || total
-------------------------+-------+-------+-------+-------+-------+-------+-------+-------+-------++-------
Melee: Flail             |    77 |   206 |   251 |       |       |       |       |       |       ||   534
       Morningstar       |       |       |   104 |   752 |   751 |       |       |       |  4307 ||  5914
       Demon whip        |       |       |       |       |   264 |  1742 |  1696 |  1928 |  2418 ||  8048
Throw: Javelin           |       |     2 |       |       |       |     2 |    13 |     1 |   125 ||   143
 Cast: Blink             |       |       |       |       |     1 |     4 |     4 |     7 |    17 ||    33
       Regeneration      |       |       |       |       |       |       |     5 |    23 |   109 ||   137
       Summon Butterflie |       |       |       |       |       |       |       |       |     4 ||     4
       Song of Slaying   |       |       |       |       |       |       |       |       |    38 ||    38
       Apportation       |       |       |       |       |       |       |       |       |    14 ||    14
       Deflect Missiles  |       |       |       |       |       |       |       |       |     9 ||     9
       Portal Projectile |       |       |       |       |       |       |       |       |     8 ||     8
Invok: Slouch            |       |       |       |       |     5 |     6 |    10 |    11 |    63 ||    95
       Bend Time         |       |       |       |       |       |       |       |       |     1 ||     1
 Abil: Fly               |       |       |       |       |       |     2 |       |       |       ||     2
       Stop Flying       |       |       |       |       |       |     1 |       |       |       ||     1
       Evoke Invisibilit |       |       |       |       |       |       |       |       |    14 ||    14
Evoke: Wand              |       |       |       |     7 |       |     3 |     2 |       |    62 ||    74
       Figurine of a zig |       |       |       |       |       |       |       |       |     1 ||     1
  Use: Scroll            |    11 |     6 |     9 |    10 |    10 |     9 |    16 |    19 |    87 ||   177
       Potion            |     2 |     3 |       |       |     4 |       |     4 |    14 |    40 ||    67
 Stab: Distracted        |       |       |       |       |       |     1 |       |       |    17 ||    18
       Petrified         |       |       |       |       |       |     1 |       |       |       ||     1
       Invisible         |       |       |       |       |       |       |       |     7 |    44 ||    51
       Sleeping          |       |       |       |       |       |       |       |       |    37 ||    37
       Confused          |       |       |       |       |       |       |       |       |     2 ||     2
       Petrifying        |       |       |       |       |       |       |       |       |     1 ||     1
  Eat: Chunk             |     1 |     7 |    13 |     6 |     8 |     8 |     2 |     2 |     1 ||    48
       Fruit             |       |       |     3 |       |     7 |    23 |       |     3 |    15 ||    51
       Royal jelly       |       |       |       |     1 |     1 |       |    10 |     3 |    15 ||    30
       Bread ration      |       |       |       |       |       |       |       |     2 |     9 ||    11
       Meat ration       |       |       |       |       |       |       |       |       |     1 ||     1
Armor: Scale mail        |    32 |       |       |       |       |       |       |    48 |  2028 ||  2108
       Chain mail        |       |    99 |    37 |   131 |   435 |   721 |   502 |   495 |    29 ||  2449
       Ring mail         |       |       |    85 |    71 |       |       |       |       |       ||   156
Dodge: Dodged            |    15 |    37 |    69 |   173 |   420 |   664 |   500 |   542 |  5264 ||  7684
       Deflected         |       |       |       |       |       |       |       |       |   102 ||   102
Block: Shield            |    39 |   109 |   266 |   590 |  1102 |  1678 |  1493 |  1610 |  8074 || 14961
       Reflection        |       |       |     8 |    35 |    19 |    48 |   234 |   106 |   121 ||   571

Table legend:
 A = Spawn XP
 B = Non-spawn XP
 C = Spawn XP percentage of total XP
 D = Spawn monster count
 E = Non-spawn monster count
 F = Spawn count percentage of total count
 G = Total turns spent on level
                    A         B        C        D         E        F      G
               +---------+---------+-------+---------+---------+-------+---------
         Total |  326052 | 2682410 |  10.8 |     543 |    3551 |  13.3 | 66061
               +---------+---------+-------+---------+---------+-------+---------
           D:1 |       0 |      28 |   0.0 |       0 |      15 |   0.0 |   797
           D:2 |       0 |      69 |   0.0 |       0 |      14 |   0.0 |   710
           D:3 |      57 |      58 |  49.6 |       7 |      16 |  30.4 |  1070
           D:4 |      79 |     438 |  15.3 |       3 |      13 |  18.8 |   843
           D:5 |     217 |     410 |  34.6 |       4 |       9 |  30.8 |  1075
           D:6 |     128 |     785 |  14.0 |       2 |      13 |  13.3 |   556
           D:7 |     146 |    1419 |   9.3 |       5 |      28 |  15.2 |   950
           D:8 |     121 |    2716 |   4.3 |       1 |      20 |   4.8 |  1136
           D:9 |      81 |    1726 |   4.5 |       3 |      50 |   5.7 |   655
          D:10 |     932 |    6027 |  13.4 |       1 |      45 |   2.2 |  1208
          D:11 |    1662 |    6122 |  21.4 |      16 |      43 |  27.1 |  1483
          D:12 |    3540 |    6663 |  34.7 |       5 |      40 |  11.1 |   907
          D:13 |     929 |    4666 |  16.6 |       1 |      18 |   5.3 |   539
          D:14 |    1252 |   16300 |   7.1 |      10 |      55 |  15.4 |  1341
          D:15 |    3503 |   16811 |  17.2 |      11 |      40 |  21.6 |   950
        Lair:1 |    1141 |    2821 |  28.8 |       4 |      10 |  28.6 |   856
        Lair:2 |    1557 |   10245 |  13.2 |       6 |      47 |  11.3 |  1209
        Lair:3 |    1695 |    3657 |  31.7 |       3 |      14 |  17.6 |   782
        Lair:4 |     153 |    4144 |   3.6 |       1 |      15 |   6.2 |   632
        Lair:5 |    1535 |    5544 |  21.7 |       6 |      24 |  20.0 |   673
        Lair:6 |    5696 |   20832 |  21.5 |      18 |      60 |  23.1 |  1271
      Shoals:1 |     745 |   21113 |   3.4 |       1 |      40 |   2.4 |   713
      Shoals:2 |     534 |   13963 |   3.7 |       2 |      28 |   6.7 |   858
      Shoals:3 |    5566 |   17940 |  23.7 |      10 |      32 |  23.8 |  1035
      Shoals:4 |    6322 |   58666 |   9.7 |      11 |      83 |  11.7 |  1763
      Spider:1 |    6181 |   17601 |  26.0 |      19 |      47 |  28.8 |   815
      Spider:2 |    6225 |    8052 |  43.6 |      23 |      21 |  52.3 |  1188
      Spider:3 |    1762 |   11013 |  13.8 |       4 |      28 |  12.5 |  1232
      Spider:4 |    5580 |   38601 |  12.6 |      17 |      92 |  15.6 |  1061
       Slime:1 |     159 |    9031 |   1.7 |       1 |       9 |  10.0 |   175
       Slime:2 |       0 |    8248 |   0.0 |       0 |      14 |   0.0 |   371
       Slime:3 |       0 |   12565 |   0.0 |       0 |      23 |   0.0 |   233
       Slime:4 |    2462 |   23779 |   9.4 |       1 |      34 |   2.9 |   526
       Slime:5 |    3844 |   58873 |   6.1 |       3 |      46 |   6.1 |   770
         Orc:1 |     411 |    3663 |  10.1 |       1 |      24 |   4.0 |   556
         Orc:2 |     141 |   16628 |   0.8 |       1 |      52 |   1.9 |   707
         Elf:1 |    7594 |   19541 |  28.0 |      13 |      34 |  27.7 |   867
         Elf:2 |     795 |   39359 |   2.0 |       2 |      53 |   3.6 |   943
         Elf:3 |    2885 |   42649 |   6.3 |       6 |      49 |  10.9 |  1453
      Vaults:1 |   17155 |   44462 |  27.8 |      28 |      90 |  23.7 |  1544
      Vaults:2 |   13813 |   47219 |  22.6 |      25 |      73 |  25.5 |  1306
      Vaults:3 |   21592 |   28601 |  43.0 |      39 |      34 |  53.4 |  1422
      Vaults:4 |    4545 |   49885 |   8.4 |       9 |      63 |  12.5 |  1270
      Vaults:5 |    7057 |  159180 |   4.2 |      11 |     118 |   8.5 |  1748
       Crypt:1 |   16512 |    8598 |  65.8 |      23 |      14 |  62.2 |  1166
       Crypt:2 |    3640 |   24366 |  13.0 |       4 |      50 |   7.4 |   921
       Crypt:3 |    9957 |   91549 |   9.8 |      11 |     136 |   7.5 |  1578
        Tomb:1 |    2276 |   78660 |   2.8 |      10 |      75 |  11.8 |  1045
        Tomb:2 |    1713 |   56613 |   2.9 |       3 |      68 |   4.2 |   646
        Tomb:3 |    6339 |  144168 |   4.2 |      10 |     135 |   6.9 |  1312
      Depths:1 |   14809 |   86358 |  14.6 |      19 |     102 |  15.7 |  1388
      Depths:2 |   10561 |   87555 |  10.8 |      13 |      90 |  12.6 |  1185
      Depths:3 |    8368 |   67349 |  11.1 |       9 |      58 |  13.4 |  1246
      Depths:4 |   11354 |  110202 |   9.3 |       8 |      78 |   9.3 |  1927
      Depths:5 |    8352 |   89657 |   8.5 |      13 |      74 |  14.9 |  1042
          Hell |   11575 |   63149 |  15.5 |      12 |      89 |  11.9 |   795
         Coc:1 |       0 |    4462 |   0.0 |       0 |       8 |   0.0 |    38
         Coc:2 |       0 |    5786 |   0.0 |       0 |       1 |   0.0 |    18
         Coc:3 |     775 |   29404 |   2.6 |       2 |      61 |   3.2 |   399
         Coc:4 |     643 |   12273 |   5.0 |       1 |      29 |   3.3 |   233
         Coc:5 |     286 |   44258 |   0.6 |       5 |      60 |   7.7 |   197
         Coc:6 |    3329 |   20697 |  13.9 |       3 |      38 |   7.3 |   197
         Coc:7 |     228 |   95819 |   0.2 |       1 |     113 |   0.9 |   624
         Zot:1 |   15098 |   53305 |  22.1 |       9 |      30 |  23.1 |   829
         Zot:2 |    9248 |   77777 |  10.6 |       6 |      42 |  12.5 |   765
         Zot:3 |   23378 |   43604 |  34.9 |      15 |      29 |  34.1 |  1049
         Zot:4 |   17187 |  120740 |  12.5 |       8 |      71 |  10.1 |  1252
         Zot:5 |       0 |    3373 |   0.0 |       0 |       3 |   0.0 |    32
       Abyss:2 |   10632 |    8606 |  55.3 |      24 |      18 |  57.1 |   360
         Zig:1 |       0 |     659 |   0.0 |       0 |       2 |   0.0 |    15
         Zig:2 |       0 |    1020 |   0.0 |       0 |       6 |   0.0 |    21
         Zig:3 |       0 |    2463 |   0.0 |       0 |       4 |   0.0 |    28
         Zig:4 |       0 |    5234 |   0.0 |       0 |       6 |   0.0 |    60
         Zig:5 |       0 |    4845 |   0.0 |       0 |       7 |   0.0 |    48
         Zig:6 |       0 |    8285 |   0.0 |       0 |       8 |   0.0 |   108
         Zig:7 |       0 |    9578 |   0.0 |       0 |      12 |   0.0 |    72
         Zig:8 |       0 |   15247 |   0.0 |       0 |      12 |   0.0 |   181
         Zig:9 |       0 |   10686 |   0.0 |       0 |      15 |   0.0 |    99
        Zig:10 |       0 |   11523 |   0.0 |       0 |      21 |   0.0 |   141
        Zig:11 |       0 |   21767 |   0.0 |       0 |      15 |   0.0 |   181
        Zig:12 |       0 |   18238 |   0.0 |       0 |      33 |   0.0 |   173
        Zig:13 |       0 |   22166 |   0.0 |       0 |      29 |   0.0 |   153
        Zig:14 |       0 |   32353 |   0.0 |       0 |      42 |   0.0 |   188
        Zig:15 |       0 |   37281 |   0.0 |       0 |      21 |   0.0 |   187
        Zig:16 |       0 |   28490 |   0.0 |       0 |      37 |   0.0 |   230
        Zig:17 |       0 |   42285 |   0.0 |       0 |      41 |   0.0 |   175
        Zig:18 |       0 |   99736 |   0.0 |       0 |      28 |   0.0 |   295
        Zig:19 |       0 |   15067 |   0.0 |       0 |      18 |   0.0 |    62
         Sewer |       0 |     147 |   0.0 |       0 |      19 |   0.0 |   410
         IceCv |       0 |    4899 |   0.0 |       0 |      27 |   0.0 |   645
               +---------+---------+-------+---------+---------+-------+---------
